[Event "Titled Tuesday Blitz August 08 Early 2023"]
[White "Deng, Henry"]
[Black "Adewumi, Tanitoluwa"]
[WhiteFideId "30965454"]
[BlackFideId "30966396"]
[WhiteElo "2537"]
[BlackElo "2760"]
[Result "1-0"]
[Round "2"]
[TimeControl "180+1"]
[Date "2023.08.08"]
[WhiteClock "0:01:30"]
[BlackClock "0:00:04"]
[Board "81"]

1. b3 Nf6 2. Bb2 g6 3. e3 Bg7 4. Nf3 O-O 5. Be2 d5 6. O-O c5 7. d4 cxd4 8. Nxd4 Ne4 9. Nd2 Nxd2 10. Qxd2 e5 11. Nf3 Nc6 12. Rad1 Be6 13. c4 dxc4 14. Qc1 Qa5 15. Bxc4 Bxc4 16. Qxc4 Qxa2 17. Bc3 Qa3 18. Rd7 Rac8 19. Ra1 Nb8 20. Rxa3 Rxc4 21. bxc4 Nxd7 22. Rxa7 Rc8 23. Rxb7 Rxc4 24. Rxd7 Rxc3 25. Rd8+ Bf8 26. g3 f6 27. Nd2 Kf7 28. Ne4 Rc6 29. Rd7+ Be7 30. Kg2 Ke6 31. Ra7 h5 32. h4 Rc4 33. Nd2 Rc2 34. Ne4 Bd8 35. Ra6+ Kf7 36. Nd6+ Ke6 37. Ne4+ Kf7 38. Nd6+ Kf8 39. Ne4 Kg7 40. Ra7+ Kh6 41. Rd7 Bb6 42. Nxf6 g5 43. hxg5+ Kxg5 44. Ne4+ Kf5 45. Kf3 Ke6 46. Rd6+ Kf5 47. Rf6# 1-0


[Site "https://www.chess.com"]

[Event "Titled Tuesday Blitz August 08 Early 2023"]
[White "Kumsiashvili, Nikoloz"]
[Black "Keleberda, Tymur"]
[WhiteFideId "13600621"]
[BlackFideId "14174294"]
[WhiteElo "2757"]
[BlackElo "2535"]
[Result "0-1"]
[Round "2"]
[TimeControl "180+1"]
[Date "2023.08.08"]
[WhiteClock "0:00:14"]
[BlackClock "0:00:53"]
[Board "82"]

1. Nf3 Nf6 2. b3 e6 3. Bb2 b6 4. e3 c5 5. c4 Bb7 6. d4 d5 7. dxc5 Bxc5 8. cxd5 Bxd5 9. Nc3 Bb7 10. Bb5+ Nbd7 11. Ne5 a6 12. Bxd7+ Nxd7 13. Nxd7 Qxd7 14. Qxd7+ Kxd7 15. O-O b5 16. Rac1 Bb6 17. Ne2 Rhc8 18. Bd4 Bxd4 19. Nxd4 Ke7 20. f3 Rxc1 21. Rxc1 Rc8 22. Rxc8 Bxc8 23. b4 e5 24. Ne2 Be6 25. Nc3 Kd6 26. a3 Kc6 27. Kf2 Kb6 28. f4 exf4 29. exf4 a5 30. Ke3 axb4 31. axb4 Kc6 32. Kd4 f6 33. g3 Bc4 34. Ne4 Bf1 35. g4 h6 36. Ng3 Bh3 37. Nf5 Bxg4 38. Nxg7 Kd7 39. Ke4 Ke7 40. f5 Bd1 41. Ne6 Bc2+ 42. Kf4 Kd6 43. Nd4 Bd3 44. Ke3 Bf1 45. Ke4 Bc4 46. h4 h5 47. Ne2 Bxe2 0-1


[Site "https://www.chess.com"]

[Event "Titled Tuesday Blitz August 08 Early 2023"]
[White "Salman, Pavel"]
[Black "Tanenbaum, Zachary"]
[WhiteFideId "24153753"]
[BlackFideId "2060850"]
[WhiteElo "2534"]
[BlackElo "2754"]
[Result "0-1"]
[Round "2"]
[TimeControl "180+1"]
[Date "2023.08.08"]
[WhiteClock "0:00:06"]
[BlackClock "0:00:12"]
[Board "83"]

1. d4 d5 2. Nc3 Nf6 3. Bf4 a6 4. e3 Bf5 5. Be2 e6 6. g4 Bg6 7. g5 Nfd7 8. h4 Bb4 9. h5 Bf5 10. Nf3 c5 11. Bd6 Qb6 12. dxc5 Nxc5 13. Be5 Rg8 14. a3 Bxc3+ 15. Bxc3 Nc6 16. Nd4 Nxd4 17. Qxd4 Bxc2 18. Rc1 Bf5 19. Bb4 Nd3+ 20. Bxd3 Qxd4 21. exd4 Bxd3 22. Rc7 a5 23. Bc5 b6 24. Bxb6 Rb8 25. Bxa5 f6 26. Bb4 fxg5 27. Re7+ Kd8 28. Rxe6 Re8 29. Rxe8+ Kxe8 30. Kd2 Be4 31. Rc1 Kd7 32. Rg1 h6 33. f4 gxf4 34. Rxg7+ Ke6 35. Rc7 Rg8 36. Rc6+ Kf5 37. Rxh6 Rg2+ 38. Kd1 f3 39. Rh8 f2 40. Rf8+ Kg4 41. Ke2 Bf3+ 42. Rxf3 f1=Q+ 43. Kxf1 Kxf3 44. Bd6 Rxb2 45. Ke1 Re2+ 46. Kd1 Re4 47. Be5 Rh4 48. a4 Rxh5 49. Kd2 Rh6 50. Kc3 Rb6 51. a5 Rb1 52. a6 Ra1 53. Kb4 Rxa6 54. Kc5 Ke4 55. Kb5 Ra2 56. Kc5 Rc2+ 57. Kd6 Rc4 58. Ke6 Rxd4 0-1


[Site "https://www.chess.com"]

[Event "Titled Tuesday Blitz August 08 Early 2023"]
[White "Zhao, Jun"]
[Black "LangesNasenhaar"]
[WhiteFideId "8602522"]
[WhiteElo "2754"]
[BlackElo "2533"]
[Result "0-1"]
[Round "2"]
[TimeControl "180+1"]
[Date "2023.08.08"]
[WhiteClock "0:00:41"]
[BlackClock "0:00:56"]
[Board "84"]

1. d4 g6 2. e4 Bg7 3. Nf3 c6 4. Bd3 d5 5. e5 c5 6. c3 Bg4 7. Nbd2 Nc6 8. h3 Bxf3 9. Nxf3 e6 10. O-O Nge7 11. Bg5 h6 12. Be3 c4 13. Bc2 b5 14. Qd2 a5 15. b3 Qc7 16. bxc4 dxc4 17. Rab1 Rb8 18. a4 b4 19. Qe2 Nd5 20. Qxc4 Nxc3 21. Rbc1 Rc8 22. Bb3 Ne7 23. Qd3 O-O 24. Bd2 Rfd8 25. Rc2 Nf5 26. Bxc3 bxc3 27. Rfc1 Nxd4 28. Rxc3 Qxc3 29. Rxc3 Rxc3 30. Qd1 Nxf3+ 0-1


[Site "https://www.chess.com"]

[Event "Titled Tuesday Blitz August 08 Early 2023"]
[White "Aarav Dengla"]
[Black "Skvortsov, Andrei"]
[WhiteFideId "45059756"]
[BlackFideId "24108600"]
[WhiteElo "2533"]
[BlackElo "2751"]
[Result "1-0"]
[Round "2"]
[TimeControl "180+1"]
[Date "2023.08.08"]
[WhiteClock "0:00:11"]
[BlackClock "0:00:05"]
[Board "85"]

1. e4 d5 2. exd5 Qxd5 3. Nc3 Qe5+ 4. Be2 Bg4 5. d4 Bxe2 6. Ngxe2 Qa5 7. d5 c6 8. O-O cxd5 9. Nxd5 e6 10. Ndc3 Nc6 11. Be3 Rd8 12. Qc1 Nf6 13. a3 Ng4 14. Bf4 Bd6 15. b4 Qh5 16. h3 Nf6 17. Ng3 Qg6 18. Bxd6 Rxd6 19. Qe3 O-O 20. b5 Nd4 21. Rac1 b6 22. Nce4 Nxe4 23. Nxe4 Rd5 24. a4 Rfd8 25. c4 R5d7 26. c5 Nf5 27. Qe2 bxc5 28. Rxc5 h6 29. Rfc1 Nd4 30. Qe3 f5 31. Ng3 h5 32. Ne2 Nxe2+ 33. Qxe2 Rd2 34. Qe3 R2d7 35. Rc7 Qf6 36. Rxa7 f4 37. Qc5 f3 38. Rxd7 Rxd7 39. Qxh5 Rd5 40. Qxf3 Rf5 41. Qe3 Kh7 42. Qe4 Kh6 43. b6 Rf4 44. Qe3 g5 45. b7 Rb4 46. Re1 Qg7 47. Qxe6+ Kh7 48. Qf5+ Qg6 49. Re7+ Kh6 50. Qf8+ Kh5 51. Qh8+ Qh6 52. g4+ Rxg4+ 53. hxg4+ Kxg4 54. Qxh6 1-0


[Site "https://www.chess.com"]

[Event "Titled Tuesday Blitz August 08 Early 2023"]
[White "Nazari, Arad"]
[Black "Ismagilov, Damir"]
[WhiteFideId "12577324"]
[BlackFideId "34199982"]
[WhiteElo "2751"]
[BlackElo "2532"]
[Result "0-1"]
[Round "2"]
[TimeControl "180+1"]
[Date "2023.08.08"]
[WhiteClock "0:00:10"]
[BlackClock "0:00:13"]
[Board "86"]

1. e4 c5 2. Nf3 Nc6 3. Bb5 e6 4. O-O Nge7 5. d4 cxd4 6. Nxd4 a6 7. Nxc6 Nxc6 8. Be2 Bc5 9. Nc3 b5 10. Qd3 Bb7 11. a3 Ne5 12. Qg3 Ng6 13. Be3 Rc8 14. f4 Qh4 15. Bxc5 Qxg3 16. hxg3 Rxc5 17. Rfd1 Rc7 18. Rd6 Ke7 19. Rad1 Rd8 20. e5 f6 21. exf6+ gxf6 22. Bf3 Bxf3 23. gxf3 Rc6 24. Rxc6 dxc6 25. Rxd8 Kxd8 26. Ne4 Ke7 27. b4 f5 28. Nc5 e5 29. fxe5 Nxe5 30. Kf2 Nc4 31. a4 a5 32. bxa5 Nxa5 33. axb5 cxb5 34. Ke3 Kd6 35. Nb3 Nxb3 36. cxb3 Kc5 37. Kd3 Kb4 38. Kc2 h5 39. Kb2 Kc5 40. Kc3 Kd5 41. Kd3 Kc5 42. Kc3 f4 43. gxf4 h4 44. f5 h3 45. f6 Kd6 46. Kb4 h2 0-1


[Site "https://www.chess.com"]

[Event "Titled Tuesday Blitz August 08 Early 2023"]
[White "Trost, Edvin"]
[Black "Pinero Rodriguez, Carlos Jose"]
[WhiteFideId "1729519"]
[BlackFideId "3901726"]
[WhiteElo "2745"]
[BlackElo "2531"]
[Result "1-0"]
[Round "2"]
[TimeControl "180+1"]
[Date "2023.08.08"]
[WhiteClock "0:00:44"]
[BlackClock "0:00:21"]
[Board "87"]

1. e4 c5 2. Nf3 e6 3. d4 cxd4 4. Nxd4 a6 5. a3 Qc7 6. Bd3 Nf6 7. O-O h5 8. h3 Bc5 9. Be3 d6 10. Nd2 Nbd7 11. N2b3 Ba7 12. Re1 Ne5 13. Qe2 Bd7 14. Rac1 Rc8 15. c4 Nxd3 16. Qxd3 Qb8 17. Bg5 h4 18. Rcd1 Rh5 19. Nf3 Bc6 20. Bxh4 Ke7 21. Bg3 e5 22. Nfd2 Rch8 23. Nb1 Rg5 24. Nc3 Nh5 25. Bh4 f6 26. Bxg5 fxg5 27. c5 dxc5 28. Nd5+ Kf7 29. Qf3+ Nf4 30. g3 Rxh3 31. Qg4 Qh8 32. gxf4 Rh1+ 33. Kg2 Rh2+ 34. Kg3 gxf4+ 35. Nxf4 exf4+ 36. Qxf4+ Ke7 37. Qc7+ Kf6 38. Rd6+ Kg5 39. Qe7+ Kh5 40. Qe5+ g5 41. Qxh8# 1-0


[Site "https://www.chess.com"]

[Event "Titled Tuesday Blitz August 08 Early 2023"]
[White "Berezin, Viktor"]
[Black "Lorparizangeneh, Shahin"]
[WhiteFideId "14107872"]
[BlackFideId "12521604"]
[WhiteElo "2531"]
[BlackElo "2744"]
[Result "0-1"]
[Round "2"]
[TimeControl "180+1"]
[Date "2023.08.08"]
[WhiteClock "0:00:32"]
[BlackClock "0:01:10"]
[Board "88"]

1. d4 Nf6 2. Nf3 g6 3. g3 Bg7 4. Bg2 O-O 5. O-O d5 6. c4 c6 7. Qb3 dxc4 8. Qxc4 Bf5 9. Nc3 Nbd7 10. Re1 Ne4 11. Nxe4 Bxe4 12. Bf4 Nb6 13. Qc3 Bxf3 14. Qxf3 Qxd4 15. b3 Qxa1 16. Rxa1 Bxa1 17. h4 Nd5 18. Bg5 Bf6 19. e4 Bxg5 20. exd5 Bf6 21. dxc6 bxc6 22. Qxc6 Rad8 23. Qc2 Rd6 24. Bf1 Rfd8 25. Be2 Rd2 26. Qe4 Rxa2 27. h5 Kg7 28. Bd3 Rd2 29. Bc4 R2d4 30. Qf3 a5 31. h6+ Kxh6 32. Bxf7 Kg7 33. Be6 R8d6 34. Qe2 Rd2 35. Qe4 Bd4 36. Bc4 Rxf2 37. Kh1 Bf6 38. Kg1 Ra2 39. Bf1 Ra1 0-1


[Site "https://www.chess.com"]

[Event "Titled Tuesday Blitz August 08 Early 2023"]
[White "Di Nicolantonio, Lucas"]
[Black "Hulka, Valentyn"]
[WhiteFideId "680460"]
[BlackFideId "34107061"]
[WhiteElo "2529"]
[BlackElo "2742"]
[Result "1-0"]
[Round "2"]
[TimeControl "180+1"]
[Date "2023.08.08"]
[WhiteClock "0:00:35"]
[BlackClock "0:00:30"]
[Board "89"]

1. Nf3 d5 2. e3 Nf6 3. c4 e6 4. Nc3 c5 5. cxd5 exd5 6. d4 Nc6 7. Be2 cxd4 8. Nxd4 Bd6 9. O-O O-O 10. b3 Qe7 11. Bb2 Rd8 12. Nxc6 bxc6 13. Rc1 h5 14. Na4 Ng4 15. Bxg4 Bxg4 16. Qd4 Qg5 17. f4 Qg6 18. Rxc6 Rac8 19. Rfc1 Rxc6 20. Rxc6 Bf3 21. Qxg7+ Qxg7 22. Bxg7 Be4 23. Bd4 Rd7 24. Nc3 h4 25. Nxe4 dxe4 26. f5 Kh7 27. Rc8 Kh6 28. Bf6 Kh5 29. h3 1-0


[Site "https://www.chess.com"]

[Event "Titled Tuesday Blitz August 08 Early 2023"]
[White "Prohaszka, Peter"]
[Black "Gontcharov, Vladislav"]
[WhiteFideId "726265"]
[BlackFideId "4123492"]
[WhiteElo "2736"]
[BlackElo "2528"]
[Result "1-0"]
[Round "2"]
[TimeControl "180+1"]
[Date "2023.08.08"]
[WhiteClock "0:00:09"]
[BlackClock "0:00:00"]
[Board "90"]

1. d4 Nf6 2. Nf3 e6 3. c3 d5 4. Bg5 Be7 5. Nbd2 Nbd7 6. e3 c5 7. Bd3 b6 8. O-O Bb7 9. a4 a6 10. Qb1 h6 11. Bh4 O-O 12. b4 cxd4 13. exd4 Rc8 14. Rc1 Ne8 15. Bxe7 Qxe7 16. a5 b5 17. Nb3 Nd6 18. Nc5 Rce8 19. Re1 Bc8 20. Ra2 Nc4 21. Rae2 Qf6 22. Bxc4 dxc4 23. Qe4 Nxc5 24. bxc5 Rd8 25. Ne5 Rd5 26. Nc6 Bb7 27. Nb4 Qg5 28. h4 Qh5 29. c6 Ba8 30. Nxd5 exd5 31. Qe8 g5 32. Qxf8+ Kxf8 33. Re8+ Kg7 34. Rxa8 gxh4 35. c7 h3 36. c8=Q hxg2 37. Qh8+ 1-0


[Site "https://www.chess.com"]

[Event "Titled Tuesday Blitz August 08 Early 2023"]
[White "Shukhman, Anna"]
[Black "Kim, Yoon-Young"]
[WhiteFideId "54180058"]
[BlackFideId "30908779"]
[WhiteElo "2527"]
[BlackElo "2736"]
[Result "1/2-1/2"]
[Round "2"]
[TimeControl "180+1"]
[Date "2023.08.08"]
[WhiteClock "0:00:11"]
[BlackClock "0:00:12"]
[Board "91"]

1. e4 c6 2. d4 d5 3. f3 Qa5+ 4. Nc3 dxe4 5. fxe4 e5 6. Nf3 Bg4 7. Bc4 Nf6 8. dxe5 Bxf3 9. Qxf3 Qxe5 10. Bf4 Qc5 11. e5 Qxc4 12. exf6 Nd7 13. Qe3+ Qe6 14. Qxe6+ fxe6 15. fxg7 Bxg7 16. Ne4 O-O 17. Bd6 Rf5 18. O-O-O Rd5 19. c4 Ra5 20. Bb4 Rxa2 21. Nc3 Ra1+ 22. Kc2 Rxd1 23. Rxd1 Ne5 24. b3 b6 25. Ne4 a5 26. Bc3 a4 27. bxa4 Rxa4 28. Rd8+ Kf7 29. Ng5+ Kg6 30. Nxe6 Bf6 31. Nf4+ Kf7 32. Rb8 Nxc4 33. Rb7+ Be7 34. Nh5 Ke6 35. Nf4+ Kf7 36. Nh5 Nd6 37. Rxb6 Rc4 38. Rb1 Ne4 39. Kd3 Nd6 40. Rf1+ Ke6 41. Ng7+ Kd7 42. Nf5 Rg4 43. Nxe7 Kxe7 44. Re1+ Kd7 45. g3 Rg6 46. Bb4 Nf5 47. Kc4 Rh6 48. h4 Nxg3 49. Re7+ Kd8 50. Rg7 Nf5 51. Rg5 Nxh4 52. Kc5 Nf3 53. Rg7 Ne5 54. Kb6 Nd7+ 55. Kb7 Nf6 56. Be7+ Ke8 57. Bxf6 Rxf6 58. Rxh7 c5 59. Rh5 c4 60. Rc5 Rf4 61. Kb6 Kd7 62. Kb5 Kd6 63. Rxc4 Rf5+ 64. Kb4 Rf7 65. Rd4+ Ke5 66. Rc4 Rb7+ 67. Kc3 Kd5 68. Rd4+ Ke5 69. Rc4 Ra7 70. Rc5+ Ke4 71. Rc4+ Ke3 72. Kb4 Rb7+ 73. Kc5 Rc7+ 74. Kb4 Rxc4+ 75. Kxc4 1/2-1/2


[Site "https://www.chess.com"]

[Event "Titled Tuesday Blitz August 08 Early 2023"]
[White "Martins, Bruno Andre Leite"]
[Black "Djordjevic, Vuk"]
[WhiteFideId "1942255"]
[BlackFideId "902098"]
[WhiteElo "2527"]
[BlackElo "2735"]
[Result "1-0"]
[Round "2"]
[TimeControl "180+1"]
[Date "2023.08.08"]
[WhiteClock "0:00:06"]
[BlackClock "0:00:00"]
[Board "92"]

1. Nf3 e6 2. e4 d5 3. exd5 exd5 4. d4 Bd6 5. h3 Bf5 6. c4 Nf6 7. Nc3 dxc4 8. Bxc4 Nbd7 9. O-O O-O 10. Nh4 Be4 11. Nxe4 Nxe4 12. Nf5 Nef6 13. Qf3 Nb6 14. Bd3 g6 15. Nxd6 Qxd6 16. Rd1 Rfe8 17. Bf4 Qd5 18. Bxc7 Qxf3 19. gxf3 Nbd5 20. Be5 Rad8 21. Rac1 Nd7 22. Bg3 a6 23. Bc4 N7f6 24. Be5 Re6 25. Bb3 b6 26. a3 Nh5 27. Bxd5 Re7 28. Rc6 Red7 29. Bb3 Re8 30. Rdc1 Kf8 31. Rc8 f6 32. Rxe8+ Kxe8 33. Bc7 Rxd4 34. Bxb6 Rd3 35. Ba4+ Kf7 36. Bc6 Nf4 37. Be3 Ne2+ 38. Kg2 Rxe3 39. Bd5+ Ke7 40. fxe3 Nxc1 41. Bc4 Kd6 42. b4 a5 43. bxa5 Kc5 44. a6 Kxc4 45. a7 Nd3 46. a8=Q Nc5 47. Kg3 f5 48. Qg8+ Kd3 49. Qxh7 Kxe3 50. Qh6+ f4+ 51. Qxf4+ Kd3 52. Qg4 Ke2 53. Qxg6 1-0


[Site "https://www.chess.com"]

[Event "Titled Tuesday Blitz August 08 Early 2023"]
[White "Timmermans, Mark"]
[Black "ArtemDyachuk"]
[WhiteFideId "1026399"]
[WhiteElo "2733"]
[BlackElo "2523"]
[Result "1/2-1/2"]
[Round "2"]
[TimeControl "180+1"]
[Date "2023.08.08"]
[WhiteClock "0:00:05"]
[BlackClock "0:00:06"]
[Board "93"]

1. b4 d5 2. Bb2 Bf5 3. e3 e6 4. c4 Nf6 5. b5 Be7 6. Nf3 O-O 7. Be2 dxc4 8. Bxc4 Bd3 9. Bxd3 Qxd3 10. a4 Nbd7 11. Nc3 Nc5 12. Qe2 Qc2 13. Ba3 Nd3+ 14. Kf1 Bxa3 15. Nd4 Nc1 16. Nxc2 Nxe2 17. Kxe2 Bb2 18. Rab1 Bxc3 19. dxc3 Ne4 20. Rb3 Rad8 21. Nd4 e5 22. Nf3 f6 23. Rc1 Rd7 24. Rb4 Nc5 25. Rd1 Rfd8 26. Rxd7 Rxd7 27. a5 b6 28. axb6 axb6 29. Nd2 Nd3 30. Rc4 Nc1+ 31. Ke1 Nd3+ 32. Ke2 Nxf2 33. Kxf2 Rxd2+ 34. Kf3 Rd7 35. g4 Kf7 36. Ke4 Kg6 37. h4 Kf7 38. Rc6 h6 39. c4 Ke7 40. c5 bxc5 41. Rxc5 Kd8 42. g5 hxg5 43. hxg5 Rd6 44. gxf6 gxf6 45. Kf5 Kd7 46. e4 Rb6 47. Rd5+ Ke7 48. Rc5 Kd7 49. Rd5+ Ke7 50. Kg6 c6 51. bxc6 Rxc6 52. Ra5 Ke6 53. Rb5 Rc1 54. Rb6+ Ke7 55. Rb7+ Ke6 56. Rb6+ Ke7 57. Rb7+ Kd6 58. Rb6+ Kc5 59. Ra6 Kd4 60. Ra4+ Ke3 61. Kxf6 Kf4 62. Ke6 Re1 63. Kd5 Rd1+ 64. Kc5 Re1 65. Kd5 Rd1+ 66. Kc5 Rd2 67. Rb4 Rc2+ 68. Kd5 Rd2+ 69. Kc5 Rc2+ 70. Kd5 Rd2+ 71. Kc5 1/2-1/2


[Site "https://www.chess.com"]

[Event "Titled Tuesday Blitz August 08 Early 2023"]
[White "Materia, Marco"]
[Black "Hirneise, Jens"]
[WhiteFideId "45150451"]
[BlackFideId "24614734"]
[WhiteElo "2733"]
[BlackElo "2501"]
[Result "1-0"]
[Round "2"]
[TimeControl "180+1"]
[Date "2023.08.08"]
[WhiteClock "0:01:04"]
[BlackClock "0:00:34"]
[Board "94"]

1. d4 Nf6 2. c4 e6 3. Nf3 h6 4. g3 d5 5. Bg2 a6 6. O-O Be7 7. Nc3 O-O 8. Qc2 Nbd7 9. b3 c6 10. e4 Nxe4 11. Nxe4 dxe4 12. Qxe4 Nf6 13. Qe2 c5 14. Rd1 cxd4 15. Nxd4 Qb6 16. Be3 Bc5 17. Rab1 Qc7 18. b4 Bd6 19. c5 Be5 20. Nf3 Nd5 21. Nxe5 Qxe5 22. Qd2 Nxe3 23. Qxe3 Qc7 24. Rd6 a5 25. b5 Rb8 26. b6 Qe7 27. Rbd1 Qf6 28. h4 h5 29. R1d4 g6 30. Kh2 Ra8 31. a4 Qf5 32. Rf4 Qc2 33. Be4 Qb2 34. Qf3 Qg7 35. Rf6 Rb8 36. Qf4 Ra8 37. Qg5 Kh7 38. Qxh5+ Qh6 39. Qxh6+ Kxh6 40. g4 Kg7 41. g5 e5 42. Kg3 Be6 43. Bxb7 Rad8 44. Rfxe6 fxe6 45. Rxd8 Rxd8 46. c6 Rd3+ 47. Kg2 1-0


[Site "https://www.chess.com"]

[Event "Titled Tuesday Blitz August 08 Early 2023"]
[White "Brunner, Nicolas"]
[Black "Fiorito, Joaquin"]
[WhiteFideId "620246"]
[BlackFideId "180173"]
[WhiteElo "2492"]
[BlackElo "2732"]
[Result "0-1"]
[Round "2"]
[TimeControl "180+1"]
[Date "2023.08.08"]
[WhiteClock "0:00:00"]
[BlackClock "0:00:11"]
[Board "95"]

1. Nf3 d5 2. g3 Nf6 3. Bg2 c6 4. O-O Bg4 5. h3 Bh5 6. d4 e6 7. c4 Nbd7 8. cxd5 exd5 9. Qb3 Qb6 10. Qe3+ Be7 11. Nh4 Bg6 12. Nc3 Qd8 13. Nxg6 hxg6 14. Qd3 O-O 15. Bf3 Bd6 16. Kg2 Re8 17. h4 Qe7 18. Rh1 Ne4 19. h5 gxh5 20. Rxh5 Ndf6 21. Rh3 Qe6 22. Bd2 Nxc3 23. bxc3 Kf8 24. Rah1 Ke7 25. Bg5 Kd7 26. Bxf6 Qxf6 27. Rh7 Kc7 28. c4 dxc4 29. Qxc4 Rad8 30. d5 c5 31. a4 Kb8 32. a5 Qg6 33. Qb5 a6 34. Qb6 c4 35. Rb1 Rd7 36. Rhh1 Ka8 37. Rhc1 Rc8 38. Qd4 Rdc7 39. Be4 Qf6 40. Qxf6 gxf6 41. Bf5 Rd8 42. Rb6 c3 43. Rc2 Rc5 44. e4 Bc7 45. Rxf6 Bxa5 46. Rxf7 b5 47. Rd7 b4 48. Rxd8+ Bxd8 49. e5 b3 50. Rc1 c2 51. e6 b2 52. Rxc2 b1=Q 0-1


[Site "https://www.chess.com"]

[Event "Titled Tuesday Blitz August 08 Early 2023"]
[White "maksimys18"]
[Black "Jaferian, Koosha"]
[BlackFideId "12507440"]
[WhiteElo "2464"]
[BlackElo "2727"]
[Result "1-0"]
[Round "2"]
[TimeControl "180+1"]
[Date "2023.08.08"]
[WhiteClock "0:00:06"]
[BlackClock "0:00:00"]
[Board "96"]

1. d4 Nf6 2. Nf3 d5 3. c4 e6 4. Nc3 c5 5. Bg5 cxd4 6. Nxd4 dxc4 7. e4 Be7 8. Bxc4 O-O 9. O-O a6 10. e5 Nfd7 11. Bxe7 Qxe7 12. f4 Rd8 13. Kh1 Qc5 14. Nxe6 fxe6 15. Bxe6+ Kh8 16. Ne4 Qe7 17. Ng5 Nxe5 18. Qc2 Qxg5 19. fxg5 Bxe6 20. Qe4 Nbc6 21. g6 hxg6 22. Rae1 Bf5 23. Qf4 Rd4 24. Qg5 Rg4 25. Qe3 Rd8 26. h3 Rgd4 27. Qg3 R8d5 28. b3 Rd2 29. Rf4 Kg8 30. Rf2 b5 31. Rxd2 Rxd2 32. Rxe5 Nxe5 33. Qxe5 Rxa2 34. b4 Rc2 35. h4 Rf2 36. Qd4 Re2 37. h5 gxh5 38. Qd5+ Be6 39. Qxh5 Re1+ 40. Kh2 Bf7 41. Qc5 Re6 42. Qc8+ Kh7 43. g4 Re4 44. Qc5 Bg6 45. Kg3 Rc4 46. Qd6 Rc3+ 47. Kh4 Rc4 48. Kg5 Bf7 49. Qd3+ Kg8 50. Qd8+ Kh7 51. Qe7 Bg6 52. Qe6 Bd3 53. Qd5 Bc2 54. Qd6 Be4 55. Kh4 Bf3 56. Qd3+ Kg8 57. Qxf3 Rxb4 58. Qa8+ Kh7 59. Qxa6 Rb1 60. Qc6 Kh8 61. Qc8+ 1-0


[Site "https://www.chess.com"]

[Event "Titled Tuesday Blitz August 08 Early 2023"]
[White "Warchol, Kamil"]
[Black "Suyarov, Mukhammadzokhid"]
[WhiteFideId "21858241"]
[BlackFideId "14210495"]
[WhiteElo "2455"]
[BlackElo "2721"]
[Result "0-1"]
[Round "2"]
[TimeControl "180+1"]
[Date "2023.08.08"]
[WhiteClock "0:01:31"]
[BlackClock "0:02:32"]
[Board "97"]

1. e4 e6 2. d4 d5 3. Nd2 c5 4. Ngf3 cxd4 5. Nxd4 Nc6 6. Bb5 Bd7 7. Bxc6 bxc6 8. O-O Bd6 9. N4f3 Ne7 10. c4 O-O 11. Re1 Rb8 12. Qc2 f6 13. Nb3 e5 14. cxd5 cxd5 15. exd5 Nxd5 16. Be3 Nxe3 17. Rxe3 Be6 18. Rd1 Qb6 19. Rc3 Rfc8 20. Nfd2 Bb4 21. Rxc8+ Rxc8 22. Qd3 Rd8 23. Qe2 Qd6 0-1


[Site "https://www.chess.com"]

[Event "Titled Tuesday Blitz August 08 Early 2023"]
[White "Shyam, Sundar M."]
[Black "Iljin, Timofey"]
[WhiteFideId "5019141"]
[BlackFideId "14110180"]
[WhiteElo "2720"]
[BlackElo "2452"]
[Result "1-0"]
[Round "2"]
[TimeControl "180+1"]
[Date "2023.08.08"]
[WhiteClock "0:00:27"]
[BlackClock "0:00:25"]
[Board "98"]

1. e4 e5 2. Nf3 Nc6 3. Bb5 a6 4. Ba4 Nf6 5. O-O b5 6. Bb3 Bc5 7. d3 d6 8. c3 Bb6 9. Nbd2 O-O 10. h3 h6 11. Re1 Bb7 12. Nf1 Ne7 13. Ng3 Re8 14. Nh4 d5 15. Qf3 Ng6 16. Nhf5 c5 17. exd5 Bxd5 18. Bxd5 Nxd5 19. Bxh6 gxh6 20. Nxh6+ Kg7 21. Qxf7+ Kxh6 22. Nf5+ Kg5 23. h4+ Nxh4 24. Nxh4 Kxh4 25. Qf5 Qc8 26. g3# 1-0


[Site "https://www.chess.com"]

[Event "Titled Tuesday Blitz August 08 Early 2023"]
[White "Jaracz, Pawel"]
[Black "WindWhistler11"]
[WhiteFideId "1102222"]
[WhiteElo "2718"]
[BlackElo "2441"]
[Result "1-0"]
[Round "2"]
[TimeControl "180+1"]
[Date "2023.08.08"]
[WhiteClock "0:00:42"]
[BlackClock "0:00:00"]
[Board "99"]

1. d4 Nf6 2. c4 e6 3. Nc3 c5 4. d5 exd5 5. cxd5 Bd6 6. Bg5 O-O 7. Nf3 Re8 8. Nd2 Be5 9. Nc4 Bxc3+ 10. bxc3 d6 11. f3 h6 12. Bh4 b5 13. Nb2 Nbd7 14. e4 Qa5 15. Qd2 Nxe4 16. fxe4 Rxe4+ 17. Be2 Rxh4 18. O-O Ne5 19. Rf2 Bg4 20. Rf4 Qd8 21. Bxb5 Rb8 22. a4 Qg5 23. Qf2 a6 24. g3 Rh5 25. Bxa6 Rb3 26. Nd3 Rxc3 27. Nxe5 dxe5 28. Rxf7 Rc1+ 29. Rxc1 Qxc1+ 30. Bf1 e4 31. Qf4 Qd1 32. Rf8+ Kh7 33. Qxe4+ 1-0


[Site "https://www.chess.com"]

[Event "Titled Tuesday Blitz August 08 Early 2023"]
[White "szachmistrz2500"]
[Black "Volkov, Maksim"]
[BlackFideId "54123070"]
[WhiteElo "2437"]
[BlackElo "2717"]
[Result "0-1"]
[Round "2"]
[TimeControl "180+1"]
[Date "2023.08.08"]
[WhiteClock "0:00:00"]
[BlackClock "0:00:30"]
[Board "100"]

1. d4 Nf6 2. Nf3 e6 3. c4 d5 4. Nc3 c5 5. cxd5 cxd4 6. Qxd4 exd5 7. Bg5 Be7 8. e3 O-O 9. Be2 Nc6 10. Qa4 h6 11. Bh4 Be6 12. O-O Qb6 13. Qb5 Qxb5 14. Nxb5 g5 15. Bg3 Ne4 16. Rfd1 Rfd8 17. Nfd4 Nxg3 18. hxg3 Rac8 19. Rac1 Nxd4 20. Nxd4 Bf6 21. Bd3 Rxc1 22. Rxc1 Rc8 23. Rxc8+ Bxc8 24. Kf1 Kf8 25. Ke2 Ke7 26. f4 a6 27. b3 Kd8 28. Nf5 h5 29. Nd4 Kc7 30. Bh7 Bg4+ 31. Kd3 h4 32. fxg5 Bxg5 33. gxh4 Bxh4 34. Bg8 Bh5 35. Bh7 Kb6 36. Bf5 f6 37. g4 Bf7 38. Ne2 Kc5 39. a3 a5 40. Nf4 Kc6 41. Ne2 Be1 42. Nd4+ Kb6 43. Nc2 Bg3 44. Nd4 Bd6 45. Nc2 d4 46. Nxd4 Bxa3 47. Be6 Be8 48. Bc4 Bd6 49. Ne2 Kc5 50. Nf4 b5 51. Bg8 Be5 52. Ne2 Kb4 53. Nd4 Bg6+ 54. Kd2 Be8 55. Nf3 Bc3+ 56. Kd3 Bg6+ 57. e4 Bb2 58. Nd4 Be8 59. Be6 a4 60. Nc2+ Kc5 61. bxa4 bxa4 62. Bd5 Bb5+ 63. Kd2 a3 64. Ne3 Bd4 65. Nd1 Bc4 0-1


[Site "https://www.chess.com"]

[Event "Titled Tuesday Blitz August 08 Early 2023"]
[White "Yanchenko, Roman"]
[Black "Kukreja Sankalp"]
[WhiteFideId "4137329"]
[BlackFideId "45027676"]
[WhiteElo "2717"]
[BlackElo "2433"]
[Result "1-0"]
[Round "2"]
[TimeControl "180+1"]
[Date "2023.08.08"]
[WhiteClock "0:00:09"]
[BlackClock "0:00:13"]
[Board "101"]

1. d4 d5 2. Nf3 Nf6 3. Bf4 Bf5 4. e3 e6 5. Bd3 Bxd3 6. cxd3 Bd6 7. Bg3 O-O 8. Nc3 c5 9. dxc5 Bxc5 10. O-O Nc6 11. Rc1 Bd6 12. Bh4 a6 13. a3 Be7 14. e4 dxe4 15. dxe4 Qc7 16. Bg3 Qa5 17. Qb3 b5 18. Nxb5 axb5 19. Rxc6 Nxe4 20. Bc7 Qa7 21. Qxb5 Rfc8 22. Bg3 Nxg3 23. hxg3 Rcb8 24. Qe2 Bf6 25. Rc2 Rb3 26. Rfc1 g6 27. Nd2 Rxb2 28. Ne4 Rxc2 29. Nxf6+ Kg7 30. Nh5+ gxh5 31. Rxc2 Qxa3 32. Qxh5 Qa1+ 33. Kh2 Qf6 34. Rc4 Kh8 35. Rf4 Qg6 36. Qe5+ Qg7 37. Qe4 Ra5 38. Qb1 Rh5+ 39. Kg1 Ra5 40. Qb8+ Qg8 41. Qb2+ Qg7 42. Rd4 Qf6 43. Qb8+ Kg7 44. Rg4+ Kh6 45. Qf8+ Kh5 46. Rh4+ Kg5 47. Qg8+ Qg6 48. Qd8+ Qf6 49. Qxa5+ Kg6 50. Qh5+ Kg7 51. Qxh7+ 1-0


[Site "https://www.chess.com"]